 Dungeon Crawl Stone Soup version 0.29.1-13-g9f3cf754e1 (webtiles) character file.

Game seed: 18256195939877990120

65 javelincjr the Insei (level 3, -5/26 HPs)
             Began as a Demonspawn Transmuter on Feb 11, 2023.
             Slain by a gnoll
             ... wielding a +0 spear
              (6 damage)
             ... on level 3 of the Dungeon.
             The game lasted 00:04:06 (3202 turns).

javelincjr the Insei (Demonspawn Transmuter)        Turns: 3202, Time: 00:04:07

Health: -5/26      AC:  2    Str: 12    XL:     3   Next: 94%
Magic:  6/6        EV: 12    Int: 14    God:
Gold:   147        SH:  4    Dex: 13    Spells: 5/6 levels left

rFire   . . .      SeeInvis .   s - +0 short sword (venom)
rCold   . . .      Faith    .   (no shield)
rNeg    . . .      Spirit   .   a - +0 robe
rPois   .          Reflect  .   (helmet restricted)
rElec   .          Harm     .   (no cloak)
rCorr   .          Rampage  .   (no gloves)
Will    .....                   (no boots)
Stlth   +.........              (no amulet)
HPRegen 0.08/turn               (no ring)
MPRegen 0.10/turn               (no ring)

@: no status effects
A: antennae 1, condensation shield
a: no special abilities


You were on level 3 of the Dungeon.
You visited 1 branch of the dungeon, and saw 3 of its levels.

You collected 183 gold pieces.
You spent 36 gold pieces at shops.

Inventory:

Hand Weapons
 l - a +0 spear
 s - a +0 short sword of venom (weapon)
Missiles
 n - 3 poisoned darts
Armour
 a - a +0 robe (worn)
Wands
 p - a wand of quicksilver (11)
Scrolls
 e - 2 scrolls of butterflies
 g - 3 scrolls of identify
 h - a scroll of vulnerability {unknown}
 i - a scroll of magic mapping {unknown}
 m - a scroll of enchant weapon {unknown}
 q - a scroll of blinking {unknown}
 r - a scroll of noise {unknown}
Potions
 b - 2 potions of lignification
 c - 2 potions of attraction {unknown}
 d - a potion of magic {unknown}
 f - a potion of ambrosia {unknown}
 j - a potion of berserk rage {unknown}
 k - 2 potions of curing
 o - a potion of heal wounds {unknown}


   Skills:
 + Level 1.2 Fighting
 + Level 0.3 Polearms
 + Level 2.3 Dodging
 + Level 0.6 Stealth
 + Level 0.5 Shields
 + Level 3.4 Unarmed Combat
 + Level 2.2 Spellcasting
 + Level 1.9 Transmutations


You had 5 spell levels left.
You knew the following spells:

 Your Spells              Type           Power      Damage    Failure   Level
a - Beastly Appendage     Tmut           14%        N/A       11%         1

Your spell library contained the following spells:

 Spells                   Type           Power      Damage    Failure   Level
 Wereblood                Tmut           7%         N/A       16%         2
 Summon Small Mammal      Summ           4%         N/A       24%         1
 Blink                    Tloc           2%         N/A       34%         2
 Spider Form              Tmut/Pois      4%         N/A       43%         3
 Call Canine Familiar     Summ           1%         N/A       56%         3
 Lesser Beckoning         Tloc           1%         N/A       56%         3
 Summon Guardian Golem    Hex/Summ       1%         N/A       56%         3
 Ice Form                 Ice/Tmut       4%         N/A       83%         4
 Manifold Assault         Tloc           1%         N/A       100%        5


Dungeon Overview and Level Annotations

Branches:
Dungeon (3/15)

Altars:
Ru

Shops:
D:1 !


Innate Abilities, Weirdness & Mutations

You have a pair of small antennae on your head.
A meltable shield of frost defends you. (SH +4)


Message History

The gnoll barely misses you. x2
You hit the gnoll.
The gnoll is poisoned.
The gnoll is severely wounded.
The gnoll hits you with a +0 club. The gnoll barely misses you.
You hit the gnoll but do no damage.
The gnoll looks as sick as possible!
The gnoll is almost dead.
The gnoll hits you with a +0 club. The gnoll barely misses you.
You hit the gnoll.
You kill the gnoll!
The gnoll hits you from afar with a +0 spear.
You are too injured to fight recklessly!
You are too injured to fight recklessly!
You are too injured to fight recklessly!
You are too injured to fight recklessly!
You are too injured to fight recklessly!
You are too injured to fight recklessly!
You are too injured to fight recklessly!
You are too injured to fight recklessly!
You are too injured to fight recklessly!
You are too injured to fight recklessly!
You are too injured to fight recklessly!
You are too injured to fight recklessly!
You are too injured to fight recklessly!
You are too injured to fight recklessly!
You are too injured to fight recklessly!
You are too injured to fight recklessly!
You are too injured to fight recklessly!
You are too injured to fight recklessly!
You are too injured to fight recklessly!
You are too injured to fight recklessly!
You are too injured to fight recklessly!
You are too injured to fight recklessly!
The gnoll misses you.
The gnoll barely misses you. x2; The gnoll completely misses you.
You hit the gnoll but do no damage. You block the gnoll's attack. x2
The gnoll hits you from afar with a +0 halberd!
* * * LOW HITPOINT WARNING * * *
You hit the gnoll but do no damage. The gnoll closely misses you.
The gnoll hits you with a +0 spear.
You die...

### #.# #.# ##
#####.# ..
#.#.#.##r#
#.....@gg#
########.#.)g####
#........#.......
##.#####..##.######
#......#...... ..#
#......#.###.## #.#
#......#.# #.# #.#
#......#.# #.# #.#
#...รท..#.# #.# #.#


You could see 3 gnolls and a quokka.

Vanquished Creatures
  A gnoll (D:3)
  3 adders (D:2)
  2 ball pythons (D:1)
  3 bats
  5 endoplasms
  3 goblins
  2 hobgoblins
  4 frilled lizards
  4 kobolds
  3 rats
  A bush (D:2)
31 creatures vanquished.

Vanquished Creatures (others)
  2 plants (D:2)
2 creatures vanquished.

Grand Total: 33 creatures vanquished

Notes
Turn   | Place    | Note
-------+----------+-------------------------------------------
     0 | D:1      | javelincjr the Demonspawn Transmuter began the quest for
                  | the Orb.
     0 | D:1      | Reached XP level 1. HP: 15/15 MP: 3/3
   306 | D:1      | Reached skill level 3 in Unarmed Combat
   454 | D:1      | Gained mutation: A meltable shield of frost defends you.
                  | (SH +4) [demonic ancestry]
   454 | D:1      | Reached XP level 2. HP: 20/21 MP: 5/5
  1259 | D:1      | Found Zist's Distillery.
  1262 | D:1      | Bought a potion of curing for 36 gold pieces
  1649 | D:2      | Gained mutation: You have a pair of small antennae on your
                  | head. [demonic ancestry]
  1649 | D:2      | Reached XP level 3. HP: 25/26 MP: 6/6
  2788 | D:3      | Found a sacrificial altar of Ru.
  3201 | D:3      | HP: 1/26 [gnoll/+0 halberd (9)]
  3202 | D:3      | Slain by a gnoll

Illustrated notes

Levels and vault maps discovered:
D:1:      psy_arrival_radial01, layout_rooms, serial_shops,
          nicolae_shop_window_shopping, hangedman_glass_teeth,
          minmay_hexomino_f4
D:2:      layout_basic, serial_forest, infiniplex_forest_straight_5,
          infiniplex_forest_lined_2, infiniplex_forest_clump_small,
          infiniplex_forest_clump_long, infiniplex_forest_lined_room_2,
          infiniplex_forest_end_1, infiniplex_forest_lined_2,
          infiniplex_forest_lined_room_2, infiniplex_forest_clump_tiny,
          serial_park_tiny_2
D:3:      layout_basic, lemuel_crystal_altar, kennysheep_vampire_church,
          grunt_decor_resistance, chequers_serial_rivers_large_b,
          minmay_misc_feat_enclosed, uniq_ijyb

Skill      XL: |  1  2 |
---------------+-------+-----
Unarmed Combat | 3 |  3.4
Dodging        | 2 |  2.3
Fighting       | |  1.2
Polearms       | |  0.3
Stealth        | |  0.6
Shields        | |  0.5
Spellcasting   | |  2.2
Transmutations | |  1.9

Action                   || total
-------------------------++-------
Melee: Unarmed           ||    51
       Punch             ||    13
       Spear             ||   319
       Kick              ||    38
       Short sword       ||    10
 Cast: Beastly Appendage ||     6
  Use: Scroll            ||     1
 Stab: Sleeping          ||     2
Armor: Robe              ||    14
Dodge: Dodged            ||    75
Block: Other             ||    21
